 Dungeon Crawl Stone Soup version 0.30.1-4-g462c640d31 (webtiles) character file.

Game seed: 7982234174289879490

37100 spardeous the Fencer (level 13, -1/125 HPs)
             Began as a Minotaur Berserker on Aug 20, 2023.
             Was a High Priest of Trog.
             Slain by an eight-headed hydra (7 damage)
             ... on level 14 of the Dungeon.
             The game lasted 00:31:47 (15399 turns).

spardeous the Fencer (Minotaur Berserker)          Turns: 15399, Time: 00:31:49

Health: -1/125     AC: 21    Str: 27    XL:     13   Next: 56%
Magic:  12/12      EV: 12    Int:  7    God:    Trog [*****.]
Gold:   963        SH:  0    Dex: 15    Spells: 12/12 levels left

rFire   . . .        Q - +11 Singing Sword {sonic wave}
rCold   + . .        (no shield)
rNeg    . . .        K - +0 plate armour
rPois   .            (helmet restricted)
rElec   .            A - +0 cloak
rCorr   .            (no gloves)
SInv    .            P - +0 pair of boots of Ajoy {Int+3 Dex+5}
Will    .....        N - amulet of magic regeneration Stlth
                     L - ring of protection from cold
HPRegen 0.40/turn    y - +4 ring of protection
MPRegen 0.53/turn

%: no passive effects
@: no status effects
A: horns 2, retaliatory headbutt
a: Renounce Religion, Berserk, Trog's Hand, Brothers in Arms


You were on level 14 of the Dungeon.
You worshipped Trog.
Trog was extremely pleased with you.
You visited 1 branch of the dungeon, and saw 14 of its levels.
You also visited: Ice Cave.

You collected 1014 gold pieces.
You spent 51 gold pieces at shops.

Inventory:

Hand Weapons
 B - the +6 hammer "Vatilare" {drain, rC+ MP+9}
   (You found it on level 2 of the Dungeon)

   rC:        It protects you from cold.
   MP:        It affects your magic capacity (+9).
 Q - the +11 Singing Sword (weapon) {sonic wave}
   (You found it on level 6 of the Dungeon)
 V - a +0 broad axe of draining
Missiles
 C - 5 silver javelins (quivered)
 I - 37 poisoned darts
Armour
 A - a +0 cloak (worn)
 K - a +0 plate armour (worn)
 P - the +0 pair of boots of Ajoy (worn) {Int+3 Dex+5}
   (You found it on level 7 of the Dungeon)

   Int:       It affects your intelligence (+3).
   Dex:       It affects your dexterity (+5).
Jewellery
 d - a ring of see invisible
 e - a +6 ring of dexterity
 f - a +6 ring of intelligence
 g - an amulet of guardian spirit
 l - a ring of ice
 r - a ring of resist corrosion
 y - a +4 ring of protection (right hand)
 L - a ring of protection from cold (left hand)
 N - an amulet of magic regeneration (around neck)
 X - a ring of ice
 Z - a ring of ice
Wands
 b - a wand of paralysis (3)
 T - a wand of acid (8)
Scrolls
 a - 2 scrolls of silence {unknown}
 c - 4 scrolls of fear
 j - 6 scrolls of immolation
 k - 13 scrolls of teleportation
 n - 5 scrolls of enchant weapon
 q - 3 scrolls of vulnerability
 t - 2 scrolls of fog
 u - 2 scrolls of poison
 v - 4 scrolls of amnesia
 x - 5 scrolls of enchant armour
 D - a scroll of acquirement
 F - 3 scrolls of noise
 J - 2 scrolls of blinking
Potions
 i - 4 potions of lignification {unknown}
 m - 2 potions of attraction {unknown}
 o - 4 potions of might {unknown}
 p - 9 potions of degeneration {unknown}
 s - 7 potions of heal wounds {unknown}
 w - 5 potions of mutation
 z - 3 potions of berserk rage
 E - a potion of magic
 H - 3 potions of curing
 M - a potion of resistance
 R - a potion of cancellation
 S - 2 potions of brilliance
 Y - a potion of flight


   Skills:
 - Level 14.3 Fighting
 - Level 16.0 Long Blades
 - Level 10.6 Axes
 - Level 10.7 Armour
 + Level 11.1 Dodging


You had 12 spell levels left.
You didn't know any spells.
Your spell library was empty.

Dungeon Overview and Level Annotations

Branches:
Dungeon (14/15)            Temple (0/1) D:4            Lair (0/5) D:9
    Orc (0/2) D:12          IceCv (visited)
 Vaults: D:13-14

Altars:
Dithmenos
Elyvilon
Fedhas
Gozag
Makhleb
Nemelex Xobeh
Trog
Uskayaw
Xom
Yredelemnul
Zin
The Shining One

Shops:
D:9 ?

Portals:
Abyss: D:6

Annotations:
D:3 Sigmund
D:6 2 transporters, Esekla's ghost, novice DENe


Innate Abilities, Weirdness & Mutations

You have a pair of horns on your head.
You reflexively headbutt those who attack you in melee.


Message History

The hell hound is almost dead.
The hell hound bites you but does no damage.
You hit the hell hound.
You kill the hell hound!
Trog accepts your kill.
You chop one of the six-headed hydra's heads off!
The five-headed hydra grows two more!
You slash the seven-headed hydra!
The Singing Sword goes toot-toot!
You send a blast of sound all around you.
The seven-headed hydra is severely wounded.
Your headbutt misses the seven-headed hydra.
The seven-headed hydra is severely wounded.
You hear a howl!
You hear a roar!
You hear a shout!
The seven-headed hydra bites you but does no damage. x2
The seven-headed hydra barely misses you.
The seven-headed hydra bites you!
* * * LOW HITPOINT WARNING * * *
The seven-headed hydra bites you but does no damage. x2
The seven-headed hydra bites you.
* * * LOW HITPOINT WARNING * * *
You take 15 damage, and have 19/125 hp.
You hack one of the seven-headed hydra's heads off!
The six-headed hydra grows two more!
You slice the eight-headed hydra!! You headbutt the eight-headed hydra!
The eight-headed hydra is almost dead.
The eight-headed hydra bites you.
* * * LOW HITPOINT WARNING * * *
The eight-headed hydra bites you but does no damage. x2
The eight-headed hydra barely misses you.
The eight-headed hydra bites you but does no damage. x3
The eight-headed hydra bites you.
* * * LOW HITPOINT WARNING * * *
You take 8 damage, and have 11/125 hp.
You feel better.
The eight-headed hydra bites you but does no damage.
The eight-headed hydra bites you!
* * * LOW HITPOINT WARNING * * *
The eight-headed hydra bites you but does no damage.
The eight-headed hydra bites you!
You die...

#. ... #.# #.## #.#
#.# #... ..# #.#
#?.# #.# #.#
#..###.# #.#
#......# #.#
##.....##########.#
#†###............#
#@# ##############
#D# #.. ..## ..#
.... .### .#


You could see an eight-headed hydra.

Vanquished Creatures
  Rupert (D:12)
  Azrael (D:14)
  Josephine (D:10)
  Fannar (D:12)
  2 centaur warriors
  A catoblepas (D:14)
  7 two-headed ogres
  2 boulder beetles (D:13)
  Amaemon (D:10)
  A deep elf pyromancer (D:14)
  Pikel (D:4)
  4 cyclopes
  14 ugly things
  2 manticores
  An ice statue (IceCv)
  An orange demon (D:10)
  A gargoyle (D:10)
  Maggie (D:7)
  An efreet (D:13)
  A kobold demonologist (D:13)
  2 rime drakes (D:12)
  3 trolls
  2 hornets
  8 slime creatures
  A shadow (D:12)
  7 wraiths
  A vampire (D:10)
  A water elemental (D:12)
  A fire elemental (D:14)
  19 yaks
  16 vampire mosquitoes
  2 death yak simulacra (IceCv)
  3 acid dragons
  3 water moccasins
  4 hell hounds (D:14)
  6 orc warriors
  3 sky beasts
  2 ice beasts
  3 black bears
  5 centaurs
  2 phantoms
  2 kobold brigands (D:8)
  4 lemures (D:3)
  3 bullfrogs
  A gnoll sergeant (D:11)
  A cane toad simulacrum (IceCv)
  4 scorpions
  8 wights (D:8)
  6 killer bees (D:9)
  2 howler monkeys
  2 electric eels (D:12)
  2 jellies (D:5)
  2 gnoll boudas
  6 orc priests
  5 hounds
  Crazy Yiuf (D:2)
  2 sleepcaps (D:7)
  8 iguanas
  10 orc wizards
  A polar bear simulacrum (IceCv)
  A wolf simulacrum (IceCv)
  9 adders
  18 gnolls
  A white imp (D:6)
  An ufetubus (D:7)
  4 worms
  A dart slug (D:5)
  35 orcs
  8 ball pythons
  18 bats
  4 endoplasms
  6 giant cockroaches
  12 goblins
  8 hobgoblins
  3 quokkas
  3 frilled lizards (D:3)
  15 kobolds
  A rat (D:3)
  A butterfly (D:6)
358 creatures vanquished.

Vanquished Creatures (collateral kills)
  An ugly thing (IceCv)
  An ice statue (IceCv)
2 creatures vanquished.

Vanquished Creatures (others)
  A howler monkey (D:12)
1 creature vanquished.

Grand Total: 361 creatures vanquished

Notes
Turn   | Place    | Note
-------+----------+-------------------------------------------
     0 | D:1      | spardeous the Minotaur Berserker began the quest for the
                  | Orb.
     0 | D:1      | Reached XP level 1. HP: 19/19 MP: 0/0
    20 | D:1      | Found a faded altar of an unknown god.
   234 | D:1      | Reached XP level 2. HP: 25/26 MP: 1/1
   976 | D:2      | Reached skill level 5 in Axes
  1085 | D:2      | Reached XP level 3. HP: 23/31 MP: 2/2
  1353 | D:2      | Found a runed translucent door.
  1354 | D:2      | Noticed Crazy Yiuf
  1356 | D:2      | Identified the +6 hammer "Vatilare" {drain, rC+ MP+9}
  1747 | D:3      | Noticed Sigmund
  1815 | D:2      | Reached XP level 4. HP: 15/39 MP: 3/3
  1939 | D:3      | Reached ** piety under Trog
  2383 | D:4      | Noticed a lemure
  2384 | D:4      | Noticed a lemure
  2384 | D:4      | Noticed a lemure
  2385 | D:4      | Noticed Pikel
  2385 | D:4      | Noticed a lemure
  2405 | D:3      | Killed a lemure
  2560 | D:3      | Killed a lemure
  2603 | D:3      | Killed a lemure
  2720 | D:4      | Reached XP level 5. HP: 36/45 MP: 4/4
  2729 | D:3      | Killed a lemure
  2855 | D:4      | Killed Pikel
  2856 | D:4      | Reached XP level 6. HP: 22/51 MP: 5/5
  2856 | D:4      | Reached XP level 7. HP: 25/57 MP: 6/6
  3112 | D:4      | Found a staircase to the Ecumenical Temple.
  3138 | D:4      | Reached skill level 10 in Axes
  3505 | D:4      | Found a hide-covered altar of Uskayaw.
  3833 | D:4      | Reached skill level 5 in Fighting
  4359 | D:2      | Killed Crazy Yiuf
  4524 | D:5      | Entered Level 5 of the Dungeon
  4533 | D:5      | Reached XP level 8. HP: 58/70 MP: 7/7
  4717 | D:5      | Found a glowing silver altar of Zin.
  4718 | D:5      | Found a white marble altar of Elyvilon.
  4718 | D:5      | Found a bloodstained altar of Trog.
  4726 | D:5      | Found a burning altar of Makhleb.
  4731 | D:5      | Found a blossoming altar of Fedhas.
  4732 | D:5      | Found an opulent altar of Gozag.
  4782 | D:5      | Reached skill level 5 in Armour
  4803 | D:5      | Reached XP level 9. HP: 50/82 MP: 8/8
  5173 | D:5      | Reached *** piety under Trog
  5761 | D:6      | Found the +11 Singing Sword {sonic wave}
  5879 | D:6      | Found a shimmering altar of Xom.
  6169 | D:6      | Reached skill level 10 in Fighting
  6277 | D:6      | Found a transporter.
  6281 | D:6      | Noticed an orange demon
  6292 | D:6      | Found a transporter.
  6374 | D:6      | Found a one-way gate to the infinite horrors of the Abyss.
  6374 | D:6      | Noticed Esekla's ghost (novice DENe)
  6579 | D:6      | Identified a scroll of acquirement
  6874 | D:7      | Found a sparkling altar of Nemelex Xobeh.
  7060 | D:7      | Identified the +0 mace of Iziatuan {flame, Fragile rF-
                  | rN+++ Dex+8}
  7128 | D:7      | Identified the +0 pair of boots of Ajoy {Int+3 Dex+5}
  7147 | D:7      | Reached XP level 10. HP: 90/94 MP: 9/9
  7220 | D:7      | Noticed Maggie
  7233 | D:7      | Killed Maggie
  7234 | D:7      | Reached skill level 10 in Armour
  7776 | D:8      | Reached **** piety under Trog
  7777 | D:8      | Reached skill level 1 in Long Blades
  7918 | D:8      | Reached skill level 2 in Long Blades
  7956 | D:8      | Reached skill level 3 in Long Blades
  8245 | D:8      | Reached skill level 4 in Long Blades
  8919 | D:9      | Found Lososs's Magic Scroll Emporium.
  8928 | D:9      | Bought a scroll of teleportation for 51 gold pieces
  8970 | D:9      | Reached skill level 5 in Long Blades
  8975 | D:9      | Reached skill level 6 in Long Blades
  8981 | D:9      | Reached skill level 7 in Long Blades
  9059 | D:9      | Reached ***** piety under Trog
  9060 | D:9      | Reached skill level 8 in Long Blades
  9063 | D:9      | Reached skill level 9 in Long Blades
  9165 | D:9      | Found a staircase to the Lair.
  9462 | D:10     | Entered Level 10 of the Dungeon
  9486 | D:10     | Noticed a gargoyle
  9501 | D:10     | Killed a gargoyle
  9506 | D:10     | Noticed a manticore
  9511 | D:10     | Killed a manticore
  9512 | D:10     | Reached skill level 10 in Long Blades
  9512 | D:10     | Reached XP level 11. HP: 86/102 MP: 10/10
  9564 | D:10     | Noticed Amaemon
  9572 | D:10     | Killed Amaemon
  9782 | D:10     | Noticed a two-headed ogre
  9789 | D:10     | Killed a two-headed ogre
  9790 | D:10     | Reached skill level 11 in Long Blades
  9917 | D:10     | Noticed Josephine
  9930 | D:10     | Killed Josephine
  9931 | D:10     | Reached skill level 12 in Long Blades
  9931 | D:10     | Noticed a two-headed ogre
  9940 | D:10     | Killed a two-headed ogre
  9960 | D:10     | Reached skill level 13 in Long Blades
  9976 | D:10     | Found a glowing golden altar of the Shining One.
  9979 | D:10     | Noticed an angel
 10051 | D:10     | Found a basalt altar of Yredelemnul.
 10053 | D:10     | Noticed a profane servitor
 10205 | D:10     | Noticed a two-headed ogre
 10210 | D:10     | Killed a two-headed ogre
 10379 | D:11     | Noticed a two-headed ogre
 10388 | D:11     | Killed a two-headed ogre
 10444 | D:11     | Reached skill level 14 in Long Blades
 11009 | D:11     | Noticed a brown ugly thing
 11013 | D:11     | Killed a brown ugly thing
 11014 | D:11     | Reached skill level 15 in Long Blades
 11298 | D:12     | Noticed Rupert
 11308 | D:12     | Killed Rupert
 11309 | D:12     | Reached XP level 12. HP: 88/110 MP: 8/11
 11309 | D:12     | Received a gift from Trog
 11376 | D:12     | Found a frozen archway.
 11401 | D:12     | Reached skill level 16 in Long Blades
 11421 | IceCv    | Entered an ice cave
 11669 | IceCv    | Found a transporter.
 11679 | IceCv    | Found a transporter.
 12096 | D:12     | Noticed a centaur warrior
 12101 | D:12     | Killed a centaur warrior
 12325 | D:12     | Noticed Fannar
 12326 | D:12     | Noticed a two-headed ogre
 12333 | D:12     | Killed Fannar
 12338 | D:12     | Killed a two-headed ogre
 12573 | D:12     | Reached skill level 5 in Dodging
 12721 | D:12     | Noticed a two-headed ogre
 12726 | D:12     | Killed a two-headed ogre
 12740 | D:12     | Found a staircase to the Orcish Mines.
 13242 | D:13     | Noticed a boulder beetle
 13254 | D:13     | Killed a boulder beetle
 13255 | D:13     | Reached XP level 13. HP: 109/124 MP: 9/12
 13849 | D:13     | Found a glowing silver altar of Zin.
 14747 | D:13     | Reached skill level 10 in Dodging
 15252 | D:14     | Found a shadowy altar of Dithmenos.
 15382 | D:14     | Noticed Azrael
 15389 | D:14     | Killed Azrael
 15399 | D:14     | HP: 6/125 [eight-headed hydra (11)]
 15399 | D:14     | Slain by an eight-headed hydra

Illustrated notes

Levels and vault maps discovered:
D:1:      minmay_arrival_plants_in_alcoves, layout_basic,
          basic_ecumenical_altar, hex_large
D:2:      layout_basic, uniq_crazy_yiuf_cottage
D:3:      layout_rooms, uniq_sigmund
D:4:      layout_basic, nicolae_uskayaw_dance_hall,
          minmay_temple_entry_water_ring, uniq_pikel
D:5:      layout_basic, grunt_temple_overflow_open
D:6:      old_forge, layout_loops_corners, xom_butterflies,
          gammafunk_ghost_abyssal_escape
D:7:      layout_gridville, nemelex_xobeh_ov_fountains_minmay, uniq_maggie
D:8:      layout_basic, roderic_batcave
D:9:      nicolae_hitomezashi [nicolae_hito_row, nicolae_hito_row,
          nicolae_hito_row, nicolae_hito_row, nicolae_hito_row,
          nicolae_hito_row, nicolae_hito_row, nicolae_hito_row,
          nicolae_hito_row, nicolae_hito_row, nicolae_hito_row,
          nicolae_hito_row, nicolae_hito_row, nicolae_hito_row,
          nicolae_hito_row, nicolae_hito_row, nicolae_hito_row,
          nicolae_hito_row], layout_cave_pools, serial_shops, shop,
          nrook_campfire, nicolae_underground_beach
D:10:     layout_loops_ring, grunt_temple_overflow_holy_war, uniq_amaemon,
          uniq_josephine
D:11:     layout_loops_ring, gauntlet_entry_generic,
          chequers_serial_rivers_large_a, minmay_sticks_and_stones
D:12:     layout_grid_maze, erik_orc_2, portal_ice_cave_rime, serial_glass,
          glass_columns_c, glass_columns_a, glass_columns_a, glass_columns_b,
          glass_columns_a, glass_columns_a, glass_columns_a, glass_columns_b,
          glass_columns_a, glass_columns_b, uniq_fannar, uniq_rupert
D:13:     layout_loops_ring, zin_scriptorium
D:14:     layout_loops_ring, lightli_vaults_fourway_checkpoint,
          minmay_misc_feat_columns, grunt_dithmenos_smoke_and_mirrors,
          uniq_azrael, uniq_roxanne

Skill      XL: |  1  2  3  4  5  6  7  8  9 10 11 12 13 |
---------------+----------------------------------------+-----
Axes           | 4 5 6 9 10 | 10.6
Fighting       | 5 8 10 11 14 | 14.3
Armour         | 3 7 9 10 | 10.7
Long Blades    | 10 15 16 | 16.0
Dodging        | 6 11 | 11.1

Action                     |  1- 3 |  4- 6 |  7- 9 | 10-12 | 13-15 || total
---------------------------+-------+-------+-------+-------+-------++-------
  Melee: Hand axe          |    66 |   105 |    70 |       |       ||   241
         Headbutt          |    11 |    19 |    43 |    56 |    30 ||   159
         Punch             |     1 |       |     4 |     4 |     1 ||    10
         Mace              |       |       |   199 |     3 |       ||   202
         Double sword      |       |       |       |   297 |   107 ||   404
 Invoke: Berserk           |       |     2 |     1 |     3 |       ||     6
         Trog's Hand       |       |       |       |     1 |       ||     1
         Brothers in Arms  |       |       |       |     1 |       ||     1
    Use: Potion            |     1 |     1 |       |     1 |     1 ||     4
         Scroll            |       |       |     7 |    10 |     2 ||    19
 Armour: Animal skin       |     1 |       |       |       |       ||     1
         Ring mail         |    24 |    27 |     3 |       |       ||    54
         Chain mail        |       |       |    64 |       |       ||    64
         Plate armour      |       |       |    89 |   202 |    66 ||   357
  Dodge: Dodged            |    57 |    61 |   125 |   133 |    37 ||   413
